AoeStats
← 河北彩花

Nomad

507690691Analyzed
4v4 RM · 13d ago on Sep 19, 2026· 45m 36s· 8 players
Game mode
Random Map
Map size
231×231
Population
200
Speed
Normal
Resources
Standard
Victory
Conquest
Starting age
Dark Age
Ending age
Imperial Age
RankedLock teamsTeams togetherTeam positionsShared explorationLock speedFull tech treeHidden civsTurbo modeCheats
Victory
Defeat
🇲🇴 Goths · Macao SAR China
1152
+15
🇦🇷 Mapuche · Argentina
1133
+16
🇦🇷 Franks · Argentina
1107
+17
🇨🇳 Maya · China
1104
+17
🇨🇭 Jurchens · Switzerland
1181
-18
🇩🇪 Goths · Germany
1134
-16
🇺🇸 Vikings · United States
1134
-16
🇦🇺 Ethiopians · Australia
1096
-15
condandonglao
6:00 Loom
14:39 Feudal Age
20:38 Castle Age
18:55 Double-Bit Axe
20:32 Scale Barding Armor
23:39 Husbandry
28:44 Forging
32:39 Chain Barding Armor
34:20 Wheelbarrow
39:32 Imperial Age
37:46 Hand Cart
40:14 Cavalier
40:54 Fletching
44:19 Paladin
Fury
14:54 Feudal Age
15:39 Double-Bit Axe
19:10 Fletching
21:53 Castle Age
21:39 Stone Mining
21:58 Champi Runner
30:59 Wheelbarrow
32:50 Hand Cart
33:00 Hand Cart
37:13 Imperial Age
35:06 Gold Mining
35:28 Bow Saw
34:59 Horse Collar
40:24 Town Watch
40:24 Loom
43:29 Butalmapu
河北彩花
3:32 Loom
14:44 Feudal Age
17:04 Double-Bit Axe
20:33 Castle Age
18:54 Stone Mining
18:32 Man-at-Arms
19:04 Fishing Lines
22:10 Horse Collar
28:42 Wheelbarrow
30:02 Town Watch
33:05 Bow Saw
33:59 Gold Mining
34:42 Town Watch
37:30 Hand Cart
41:30 Imperial Age
39:07 Scale Mail Armor
39:06 Long Swordsman
40:03 Forging
40:23 Squires
40:43 Chain Mail Armor
41:35 Two-Handed Swordsman
43:24 Champion
45:38 Iron Casting
有死之荣无生之辱
3:57 Loom
14:22 Feudal Age
19:31 Castle Age
20:36 Double-Bit Axe
20:50 Horse Collar
24:02 Bow Saw
24:58 Heavy Plow
31:27 Imperial Age
29:38 Scale Mail Armor
29:33 Gold Mining
30:32 Forging
30:20 Stone Mining
31:25 Wheelbarrow
30:12 Eagle Warrior
31:36 Chain Mail Armor
32:47 Plate Mail Armor
33:56 Iron Casting
33:21 Elite Eagle Warrior
35:49 Blast Furnace
35:05 Squires
37:59 Hand Cart
39:08 Holcans
42:28 Stone Shaft Mining
42:28 Coinage
45:00 Chemistry
44:24 Ballistics
43:46 Treadmill Crane
43:34 Capped Ram
45:34 Banking
45:48 Conscription
44:54 Siege Ram
BigOleChunguss
13:39 Loom
15:45 Feudal Age
17:09 Fletching
22:12 Castle Age
20:05 Stone Mining
21:49 Double-Bit Axe
23:39 Bodkin Arrow
23:17 Man-at-Arms
24:41 Bow Saw
24:43 Gambesons
24:44 Arson
25:04 Scale Mail Armor
25:15 Forging
27:00 Horse Collar
31:57 Imperial Age
29:30 Fishing Lines
31:58 Capped Ram
33:34 Chain Mail Armor
33:05 Siege Ram
34:38 Iron Casting
35:25 Chieftains
36:02 Squires
36:37 Plate Mail Armor
37:04 Conscription
37:10 Bracer
40:36 Blast Furnace
K_o_n_d_o_m
3:25 Loom
12:38 Feudal Age
13:29 Double-Bit Axe
14:48 Horse Collar
16:40 Gold Mining
17:56 Man-at-Arms
20:18 Fishing Lines
21:11 Scale Mail Armor
21:23 Forging
26:52 Castle Age
26:33 Stone Mining
26:57 Pikeman
27:59 Chain Mail Armor
30:53 Anarchy
31:14 Squires
32:01 Fletching
34:31 Iron Casting
34:34 Heavy Plow
45:11 Wheelbarrow
Repl4y
15:36 Feudal Age
17:35 Double-Bit Axe
19:47 Fishing Lines
22:12 Castle Age
19:58 Loom
22:01 Forging
23:31 Bow Saw
23:37 Medium Warships
28:21 Squires
28:08 Gambesons
29:28 Scale Mail Armor
30:04 Iron Casting
32:48 Wheelbarrow
31:59 Town Watch
33:54 Chain Mail Armor
40:10 Imperial Age
37:57 Hand Cart
38:51 Arson
39:57 Gillnets
40:26 Pikeman
41:10 Fletching
41:54 Ballistics
42:20 Bodkin Arrow
43:26 Blast Furnace
44:24 Murder Holes
45:30 Chemistry
44:34 Elite Fire Lancer
45:18 Bracer
elhijochiquito
10:14 Loom
13:55 Feudal Age
14:48 Double-Bit Axe
21:33 Castle Age
22:57 Wheelbarrow
22:15 Crossbowman
25:27 Gold Mining
25:27 Stone Mining
31:15 Horse Collar
36:16 Ballistics
38:59 Thumb Ring
42:32 Forging
42:22 Scale Mail Armor
42:15 Fletching
42:26 Padded Archer Armor
42:55 Man-at-Arms
Connection lost

Rejoining the realm…

Still unreachable

The connection could not be restored.

Session expired

The server has moved on; the page needs a fresh start.